 Dungeon Crawl Stone Soup version 0.24-a0-282-g1a68c91 (webtiles) character file.

Game seed: 6078930338824759630

162520 MatthieuS the Brawler (level 16, -8/127 HPs)
             Began as a Demonspawn Fighter on May 2, 2019.
             Was a High Priest of Okawaru.
             Drowned by a drowned soul (16 damage)
             ... summoned by a merfolk avatar
             ... on level 2 of the Shoals.
             The game lasted 01:24:19 (38749 turns).

MatthieuS the Brawler (Demonspawn Fighter)         Turns: 38749, Time: 01:24:19

Health: -8/127     AC: 19    Str: 23    XL:     16   Next: 96%
Magic:  26/26      EV: 19    Int: 10    God:    Okawaru [*****.]
Gold:   1945       SH: 19    Dex: 15    Spells: 17/20 levels left

rFire    + . .     SeeInvis +     - Unarmed
rCold    + . .     Gourm    .   b - +1 shield
rNeg     . . .     Faith    .   u - +2 ring mail {rPois}
rPois    +         Spirit   .   B - +2 hat {MR+}
rElec    +         Reflect  +   v - +2 cloak {MR+}
rCorr    .         Harm     .   (gloves unavailable)
MR       +++..                  r - +0 pair of boots of the Sky {rElec}
Stlth    +.........             N - +3 amulet of reflection
HPRegen  0.31/turn              z - ring of see invisible
MPRegen  0.20/turn              O - ring of protection from cold

@: about to teleport, heroism, very slow
A: claws 3, yellow scales 1, agile 1, fire resistance 1, ignite blood, spiny 2,
flame cloud immunity
}: 1/15 runes: gossamer
a: Heroism, Finesse, Renounce Religion


You were on level 2 of the Shoals.
You worshipped Okawaru.
Okawaru was extremely pleased with you.
You were not hungry.

You visited 6 branches of the dungeon, and saw 28 of its levels.

You collected 1945 gold pieces.

Inventory:

Hand Weapons
 a - a +1 demon trident of protection
   (Okawaru gifted it to you on level 1 of the Lair of Beasts)
Missiles
 g - 8 javelins of returning (quivered)
 x - a throwing net {!f}
 H - 5 steel javelins
 I - 8 javelins
Armour
 b - a +1 shield (worn)
 r - the +0 pair of boots of the Sky (worn) {rElec}
   (You acquired it on level 13 of the Dungeon)

   It insulates you from electricity.
 u - a +2 ring mail of poison resistance (worn)
   (You found it on level 8 of the Dungeon)
 v - a +2 cloak of magic resistance (worn)
   (Okawaru gifted it to you on level 15 of the Dungeon)
 y - the +2 ring mail of Indomitability {MR+}
   (You found it on level 1 of the Spider Nest)

   It affects your resistance to hostile enchantments.
 B - a +2 hat of magic resistance (worn)
   (You took it off Gastronok on level 3 of the Lair of Beasts)
 R - a scarf of repulsion
   (You found it on level 3 of the Spider Nest)
Jewellery
 n - an uncursed amulet of the acrobat
   (You found it on level 1 of the Lair of Beasts)
 p - an uncursed ring of resist corrosion
   (You found it on level 7 of the Dungeon)
 z - a ring of see invisible (left claw)
   (You found it on level 6 of the Dungeon)
 N - a +3 amulet of reflection (around neck)
   (You found it on level 15 of the Dungeon)
 O - a ring of protection from cold (right claw)
   (You found it on level 1 of the Shoals)
Wands
 f - a wand of polymorph (32)
   (You found it on level 6 of the Dungeon)
 l - a wand of enslavement (1)
   (You found it on level 7 of the Dungeon)
 t - a wand of flame (13)
   (You found it on level 2 of the Shoals)
 C - a wand of random effects (10)
   (You found it on level 2 of the Spider Nest)
Scrolls
 c - 2 scrolls of silence
 i - 8 scrolls of remove curse {@r2}
 m - 5 scrolls of amnesia
 o - 2 scrolls of teleportation {@r4}
 w - a scroll of enchant weapon
 E - 3 scrolls of identify {@r1}
 J - a scroll of fear
 T - a scroll of vulnerability {!r}
Potions
 h - 7 potions of brilliance
 j - 4 potions of magic
 k - 3 potions of lignification {!q}
 q - 5 potions of flight
 A - 2 potions of cancellation
 D - 2 potions of agility
 F - 3 potions of ambrosia
 G - 3 potions of might
 L - 2 potions of curing {@q1}
 M - 3 potions of mutation {!q}
 S - a potion of invisibility
Miscellaneous
 d - a fan of gales
   (You found it on level 2 of the Shoals)
Comestibles
 e - 27 rations


   Skills:
 + Level 12.2(17.2) Fighting
 + Level 10.3(15.3) Armour
 + Level 7.1(12.1) Dodging
 + Level 11.3(16.3) Shields
 * Level 15.0(20.0) Unarmed Combat
 - Level 2.6 Spellcasting
 - Level 3.0 Hexes
 - Level 2.6 Fire Magic
 + Level 13.5 Invocations
 + Level 10.8 Evocations


You had 17 spell levels left.
You knew the following spells:

 Your Spells              Type           Power        Failure   Level  Hunger
a - Inner Flame           Hex/Fire       #.......     36%         3    ####...

Your spell library contained the following spells:

 Spells                   Type           Power        Failure   Level  Hunger
 Flame Tongue             Conj/Fire      #....        24%         1    ##.....
 Throw Flame              Conj/Fire      #.....       34%         2    ###....
 Magic Dart               Conj           #...         38%         1    ##.....
 Sandblast                Erth           #.....       38%         1    ##.....
 Shock                    Conj/Air       #...         38%         1    ##.....
 Passwall                 Tmut/Erth      #.......     52%         2    ###....
 Searing Ray              Conj           #.....       52%         2    ###....
 Swiftness                Chrm/Air       #.......     52%         2    ###....
 Dazzling Spray           Conj/Hex       #.....       54%         3    ####...
 Conjure Flame            Conj/Fire      #.......     56%         3    ####...
 Gell's Gravitas          Tloc           #.........   77%         3    ####...
 Regeneration             Chrm/Necr      #.........   77%         3    ####...
 Static Discharge         Conj/Air       #.......     77%         3    ####...
 Stone Arrow              Conj/Erth      #.....       77%         3    ####...
 Fulminant Prism          Conj/Hex       #.........   91%         4    #####..
 Leda's Liquefaction      Hex/Erth       #.........   91%         4    #####..
 Sticky Flame             Conj/Fire      #.......     93%         4    #####..
 Airstrike                Air            #.........   99%         4    #####..
 Force Lance              Conj/Tloc      #.......     99%         4    #####..
 Iskenderun's Mystic Bla  Conj           #.......     99%         4    #####..
 Petrify                  Tmut/Erth      #.......     99%         4    #####..
 Bolt of Magma            Conj/Fire/Erth #.........   100%        5    ######.
 Excruciating Wounds      Chrm/Necr      #.........   100%        5    ######.
 Fireball                 Conj/Fire      #.........   100%        5    ######.
 Lee's Rapid Deconstruct  Erth           #.........   100%        5    ######.
 Lightning Bolt           Conj/Air       #.........   100%        5    ######.
 Iron Shot                Conj/Erth      #.........   100%        6    #######
 Statue Form              Tmut/Erth      #........    100%        6    #######
 Controlled Blink         Tloc           N/A          100%        8    #######
 Shatter                  Erth           #.........   100%        9    #######


Dungeon Overview and Level Annotations

Branches:
Dungeon (15/15)            Temple (1/1) D:7            Lair (4/6) D:9
 Shoals (2/4) Lair:2       Spider (4/4) Lair:3          Orc (2/2) D:9
 Vaults (0/5) D:14         Depths (0/5) D:15
    Elf: Orc:2

Altars:
Ashenzari
Cheibriados
Dithmenos
Elyvilon
Fedhas
Gozag
Hepliaklqana
Kikubaaqudgha
Makhleb
Nemelex Xobeh
Okawaru
Qazlal
Ru
Sif Muna
Trog
Uskayaw
Vehumet
Wu Jian
Xom
Yredelemnul
Zin
The Shining One

Annotations:
D:9 2 runed translucent doors
Lair:4 3 runed translucent doors, Huxuz's ghost, journeyman FoHu
Orc:1 2 runed translucent doors, Kigioh's ghost, journeyman FoFi


Innate Abilities, Weirdness & Mutations

You have claws for hands.
You are partially covered in yellow scales. (AC +2)
Your flesh is heat resistant. (rF+)
Your demonic aura causes spilled blood to erupt in flames.
You are mostly covered in sharp spines.
You are immune to clouds of flame.
You are agile. (Dex +2)


Message History

The merfolk avatar is engulfed in a cloud of scalding steam. x2
The merfolk avatar chants its luring song.
Aim: a merfolk avatar (steam, water, almost dead, mesmerising)
The puff of flame hits the merfolk avatar!
You break out of your daze!
You kill the merfolk avatar!
Okawaru accepts your kill.
The drowned soul returns to the deep!
The merfolk avatar chants a haunting song.
You resist.
The merfolk avatar chants a haunting song.
You resist.
You barely miss the drowned soul. You block the drowned soul's attack.
You miss the drowned soul.
The drowned soul is struck by your spines.
The drowned soul touches you.
* * * LOW HITPOINT WARNING * * *
The drowned soul drowns you!
* * * LOW HITPOINT WARNING * * *
The drowned soul touches you. The drowned soul drowns you!
* * * LOW HITPOINT WARNING * * *
You are confused.
You feel invigorated.
The merfolk avatar chants a haunting song.
You resist with almost no effort.
The merfolk avatar chants a haunting song.
You easily resist.
The drowned soul touches you. The drowned soul drowns you!
* * * LOW HITPOINT WARNING * * *
The drowned soul touches you. The drowned soul drowns you!
* * * LOW HITPOINT WARNING * * *
The merfolk avatar chants a haunting song.
You resist with almost no effort.
You feel better.
You feel less invigorated.
The drowned soul returns to the deep!
The merfolk avatar enters a dispersal trap!
The drowned soul blinks! x3; You blink.
Splash!
You fall into the shallow water.
Moving in this stuff is going to be slow.
As you read the scroll of fog, it crumbles to dust.
The scroll dissolves into smoke.
You scratch the drowned soul.
As you read the scroll of teleportation {@r4}, it crumbles to dust.
You feel strangely unstable. You block the drowned soul's attack. x2
The drowned soul touches you. The drowned soul drowns you!
* * * LOW HITPOINT WARNING * * *
You feel better. You block the drowned soul's attack.
The drowned soul touches you. The drowned soul drowns you!
You die...

..≈≈≈≈≈≈≈≈≈<
≈≈≈≈≈≈≈≈....≈≈≈≈≈≈≈)≈≈÷
≈≈≈≈≈≈≈≈≈≈≈≈≈≈≈≈≈≈≈≈≈≈≈..)
≈≈≈≈≈≈≈≈≈≈≈≈≈≈≈≈≈≈≈≈≈≈...#
≈≈≈≈≈≈≈≈≈≈≈≈≈≈≈≈≈≈≈≈≈≈≈...
≈≈≈≈≈≈≈≈≈≈≈≈≈≈≈≈≈≈≈≈≈≈≈≈..
≈≈≈≈≈≈≈≈≈≈§§≈≈≈≈≈≈≈≈≈≈≈≈≈≈≈≈.
.≈≈W≈≈≈≈≈≈≈§§§§≈≈≈≈≈≈≈≈≈≈≈≈≈(≈≈
..≈≈≈≈≈≈≈≈≈§§§@§§≈≈≈≈≈≈≈≈≈≈≈≈≈≈
...≈≈≈≈≈W≈≈§§§§§§§≈≈≈≈≈≈≈≈≈≈≈≈≈
..≈≈≈≈≈≈≈≈≈§§§§§§≈≈≈≈≈ ≈≈≈≈≈≈≈≈
#..≈.≈≈≈≈≈§§§§§§≈≈≈≈≈ ≈≈≈≈≈.≈≈
#..≈≈≈$≈≈≈≈≈≈≈≈≈≈≈≈≈ ≈≈≈≈≈..≈
##.≈....†(.≈≈≈≈≈≈≈≈≈≈≈≈≈≈≈≈≈...
.......§...≈≈≈≈≈≈≈≈≈≈≈≈≈≈.≈≈...
..≈....%...≈≈≈≈≈≈≈≈≈≈≈≈≈≈≈...((
..≈≈.##|.....≈≈≈≈≈≈≈≈≈≈.≈≈....≈


There were no monsters in sight!

Vanquished Creatures
  Jorgrun (Shoals:2)
  Rupert (D:13)
  Gastronok (Lair:3)
  5 ghost moths
  2 emperor scorpions (Spider:4)
  An entropy weaver (Spider:4)
  A spark wasp (Spider:4)
  A merfolk impaler (Shoals:2)
  8 vault guards (D:14)
  6 hydras
  2 death knights
  2 merfolk aquamancers
  2 centaur warriors
  A catoblepas (Lair:2)
  A two-headed ogre (D:12)
  4 merfolk avatars
  7 dancing weapons (Spider:1)
  A tengu warrior (D:15)
  2 skeletal warriors (D:15)
  3 sea snakes
  An unseen horror (D:13)
  A death drake (shapeshifter) (D:15)
  A phantasmal warrior (D:15)
  A glowing orange brain (D:15)
  3 ugly things
  A wolf spider zombie (D:11)
  5 deep elf magi
  17 orb spiders
  8 manticores
  9 fauns
  23 wolf spiders
  3 moths of wrath (Spider:3)
  5 cyclopes
  4 merfolk sirens
  A black mamba (Lair:2)
  2 water nymphs (Shoals:2)
  5 spiny frogs
  A torpor snail (Spider:1)
  A gargoyle (D:13)
  A yaktaur (Shoals:1)
  5 komodo dragons
  A redback zombie (D:14)
  A rime drake (Lair:1)
  2 efreet
  12 demonic crawlers
  An ice devil (Spider:4)
  A kobold demonologist (D:14)
  2 freezing wraiths (D:14)
  11 merfolk
  6 meliai
  3 trolls
  34 jumping spiders
  10 hornets
  4 polar bears
  12 blink frogs (Lair:4)
  A wind drake (Shoals:2)
  A meliai zombie (D:14)
  14 dream sheep
  15 slime creatures
  9 snapping turtles
  9 hippogriffs
  A tarantella (shapeshifter) (D:15)
  93 redbacks
  37 tarantellas
  37 yaks
  7 water elementals
  A wyvern (D:15)
  5 wraiths
  A wyvern (shapeshifter) (D:15)
  2 hungry ghosts
  Eustachio (D:5)
  4 vampire mosquitoes
  Edmund (D:5)
  A warg (Orc:1)
  A naga (shapeshifter) (D:14)
  4 soldier ants
  4 water moccasins
  6 porcupines
  9 orc warriors
  2 ice beasts
  2 black bears
  3 phantoms
  5 ogres
  3 eyes of draining
  4 sky beasts
  5 wolves (Lair:2)
  10 centaurs
  A centaur (shapeshifter) (D:13)
  An eye of draining (shapeshifter) (D:15)
  8 crocodiles
  2 big kobolds
  15 bullfrogs
  2 wyvern zombies
  6 scorpions
  3 wights (D:9)
  3 jellies
  10 killer bees
  3 electric eels
  5 howler monkeys
  5 crimson imps
  3 quasits
  3 bullfrog zombies
  12 hounds
  2 bullfrog skeletons
  8 orc priests
  3 centaur skeletons
  12 orc wizards
  8 iguanas
  13 worker ants
  A hound skeleton (D:11)
  2 worker ant zombies
  4 gnolls (D:7)
  13 adders
  2 howler monkey skeletons
  5 shadow imps
  3 oozes
  An adder zombie (D:9)
  8 worms
  A dart slug (D:3)
  3 leopard geckos
  34 orcs
  5 ball pythons
  8 giant cockroaches
  9 goblins
  11 hobgoblins
  2 jackals (D:8)
  17 kobolds
  6 quokkas
  8 bats
  4 frilled lizards
  2 leopard gecko skeletons
  5 rats
  A bush (Shoals:1)
  2 plants (Shoals:2)
833 creatures vanquished.

Vanquished Creatures (collateral kills)
  An adder (D:7)
1 creature vanquished.

Vanquished Creatures (others)
  A merfolk aquamancer (Shoals:2)
  3 fauns
  A cyclops (Shoals:2)
  An orc wizard (D:6)
  An adder skeleton (D:7)
  2 plants (D:9)
  7 toadstools (Lair:4)
16 creatures vanquished.

Grand Total: 850 creatures vanquished

Notes
Turn   | Place    | Note
-------+----------+-------------------------------------------
     0 | D:1      | MatthieuS the Demonspawn Fighter began the quest for the
                  | Orb.
     0 | D:1      | Reached XP level 1. HP: 18/18 MP: 1/1
   264 | D:1      | Reached skill level 2 in Unarmed Combat
   277 | D:1      | Gained mutation: Your flesh is heat resistant. (rF+)
                  | [demonic ancestry]
   277 | D:1      | Reached XP level 2. HP: 18/24 MP: 2/2
  1379 | D:2      | Gained mutation: You are partially covered in yellow
                  | scales. (AC +2) [demonic ancestry]
  1379 | D:2      | Reached XP level 3. HP: 15/29 MP: 3/3
  1668 | D:2      | Found a shattered altar of Ashenzari.
  2291 | D:2      | Reached skill level 3 in Unarmed Combat
  2291 | D:2      | Reached XP level 4. HP: 31/35 MP: 4/4
  3947 | D:4      | Gained mutation: You are immune to clouds of flame.
                  | [demonic ancestry]
  3947 | D:4      | Reached XP level 5. HP: 38/42 MP: 5/5
  4301 | D:4      | Reached skill level 4 in Unarmed Combat
  4719 | D:4      | Reached XP level 6. HP: 39/48 MP: 6/6
  4864 | D:5      | Entered Level 5 of the Dungeon
  5097 | D:6      | Reached skill level 5 in Unarmed Combat
  5158 | D:6      | Found a shimmering altar of Xom.
  5158 | D:6      | Found a deep blue altar of Sif Muna.
  5165 | D:6      | Found a shadowy altar of Dithmenos.
  5167 | D:6      | Found a sparkling altar of Nemelex Xobeh.
  5168 | D:6      | Found a faded altar of an unknown god.
  5244 | D:6      | Gained mutation: You have sharp fingernails. [demonic
                  | ancestry]
  5244 | D:6      | Reached XP level 7. HP: 24/55 MP: 4/7
  5634 | D:6      | Reached skill level 5 in Fighting
  6105 | D:7      | Reached skill level 6 in Unarmed Combat
  6225 | D:7      | Noticed a hornet
  6226 | D:7      | a hornet changed into a tengu
  6255 | D:7      | Reached skill level 5 in Shields
  6255 | D:7      | Reached XP level 8. HP: 41/63 MP: 6/8
  6597 | D:7      | Found a staircase to the Ecumenical Temple.
  6609 | Temple   | Entered the Ecumenical Temple
  6670 | Temple   | Became a worshipper of Warmaster Okawaru
  6790 | D:7      | Reached skill level 7 in Unarmed Combat
  6790 | D:7      | Reached skill level 1 in Invocations
  6974 | D:5      | Noticed Eustachio
  6990 | D:5      | Killed Eustachio
  6990 | D:5      | Reached skill level 1 in Evocations
  6994 | D:5      | Reached * piety under Okawaru
  7364 | D:5      | Noticed Edmund
  7409 | D:5      | Killed Edmund
  7870 | D:6      | Gained mutation: You have very sharp fingernails. [demonic
                  | ancestry]
  7870 | D:6      | Reached XP level 9. HP: 60/69 MP: 7/10
  8184 | D:8      | Noticed a troll
  8208 | D:8      | Reached ** piety under Okawaru
  8215 | D:8      | Killed a troll
  8684 | D:8      | Reached skill level 8 in Unarmed Combat
  9654 | D:8      | Learned a level 3 spell: Inner Flame
  9662 | D:9      | Reached *** piety under Okawaru
  9666 | D:9      | Reached XP level 10. HP: 78/79 MP: 11/13
  9695 | D:9      | Noticed a deep elf mage
  9702 | D:9      | Noticed a rust devil
  9944 | D:9      | Gained mutation: You are agile. (Dex +2) [a neqoxec]
  9946 | D:9      | Killed a deep elf mage
  9946 | D:9      | Reached skill level 1 in Hexes
  9946 | D:9      | Reached skill level 5 in Invocations
 10045 | D:9      | Reached skill level 1 in Spellcasting
 10052 | D:9      | Found a runed translucent door.
 10053 | D:9      | Found a runed translucent door.
 10108 | D:9      | Found a basalt altar of Yredelemnul.
 10138 | D:9      | Reached skill level 1 in Fire Magic
 10192 | D:9      | Reached **** piety under Okawaru
 10242 | D:9      | Found a staircase to the Lair.
 10581 | D:9      | Found a staircase to the Orcish Mines.
 10906 | D:10     | Entered Level 10 of the Dungeon
 10983 | D:10     | Reached skill level 9 in Unarmed Combat
 11001 | D:10     | Reached skill level 5 in Armour
 11122 | D:10     | Noticed a manticore
 11133 | D:10     | Killed a manticore
 11302 | D:10     | Reached ***** piety under Okawaru
 11828 | D:10     | Gained mutation: You have claws for hands. [demonic
                  | ancestry]
 11828 | D:10     | Reached XP level 11. HP: 85/85 MP: 15/15
 12612 | Lair:1   | Entered Level 1 of the Lair of Beasts
 13187 | Lair:1   | Reached skill level 5 in Evocations
 13244 | Lair:1   | Noticed a five-headed hydra
 13806 | Lair:1   | Received a gift from Okawaru
 14068 | Lair:1   | Killed a five-headed hydra
 14068 | Lair:1   | Reached skill level 10 in Unarmed Combat
 14754 | Lair:2   | Received a gift from Okawaru
 14830 | Lair:2   | Reached XP level 12. HP: 59/94 MP: 12/17
 15126 | Lair:2   | Noticed a catoblepas
 15138 | Lair:2   | Killed a catoblepas
 15488 | Lair:2   | Got a brightly glowing leather armour
 15649 | Lair:2   | Identified the +2 leather armour "Atounyku" {+Fly Int+2}
                  | (You found it on level 2 of the Lair of Beasts)
 15682 | Lair:2   | Found a staircase to the Shoals.
 16297 | Lair:3   | Noticed Gastronok
 16313 | Lair:3   | Killed Gastronok
 16432 | Lair:3   | Found a hole to the Spider Nest.
 17067 | Lair:4   | Noticed a seven-headed hydra
 17505 | Lair:4   | Killed a seven-headed hydra
 17505 | Lair:4   | Received a gift from Okawaru
 17505 | Lair:4   | Reached skill level 11 in Unarmed Combat
 17571 | Lair:4   | Noticed a seven-headed hydra
 17587 | Lair:4   | Killed a seven-headed hydra
 17942 | Lair:4   | Received a gift from Okawaru
 18679 | Lair:4   | Found a large runed translucent door.
 18679 | Lair:4   | Found a large runed translucent door.
 18683 | Lair:4   | Noticed Huxuz's ghost (journeyman FoHu)
 18901 | Lair:4   | Noticed a catoblepas
 18901 | Lair:4   | Noticed a dire elephant
 18921 | Lair:4   | Found a runed translucent door.
 19374 | Orc:1    | Entered Level 1 of the Orcish Mines
 19999 | Orc:1    | Found a large runed translucent door.
 19999 | Orc:1    | Found a large runed translucent door.
 20000 | Orc:1    | Noticed Kigioh's ghost (journeyman FoFi)
 20037 | Orc:2    | Entered Level 2 of the Orcish Mines
 20314 | D:11     | Gained mutation: Your demonic aura causes spilled blood to
                  | erupt in flames. [demonic ancestry]
 20314 | D:11     | Reached XP level 13. HP: 94/101 MP: 16/20
 20631 | D:11     | Got an opalescent robe
 21555 | D:12     | Found a white marble altar of Elyvilon.
 22068 | D:12     | Identified the Catalogue of the Shrike
 22219 | D:13     | Reached skill level 1 in Dodging
 22250 | D:13     | Noticed Rupert
 22258 | D:13     | Killed Rupert
 22258 | D:13     | Received a gift from Okawaru
 22294 | D:13     | Reached skill level 10 in Invocations
 22475 | D:13     | Reached ****** piety under Okawaru
 22475 | D:13     | Reached skill level 12 in Unarmed Combat
 22522 | D:13     | Identified a scroll of acquirement
 22523 | D:13     | Got a pair of faintly humming boots
 22534 | D:13     | Identified the +0 pair of boots of the Sky {rElec} (You
                  | acquired it on level 13 of the Dungeon)
 22569 | D:13     | Found a bloodstained altar of Trog.
 22674 | D:13     | Reached skill level 10 in Fighting
 23267 | D:13     | Received a gift from Okawaru
 23806 | D:13     | Received a gift from Okawaru
 24450 | D:14     | Found a gate to the Vaults.
 24469 | D:14     | Gained mutation: You are partially covered in sharp spines.
                  | [demonic ancestry]
 24469 | D:14     | Reached XP level 14. HP: 96/110 MP: 14/21
 24498 | D:14     | Received a gift from Okawaru
 25270 | D:15     | Entered Level 15 of the Dungeon
 26206 | D:15     | Found a staircase to the Depths.
 26827 | D:15     | Reached skill level 13 in Unarmed Combat
 26980 | D:15     | Received a gift from Okawaru
 27403 | Spider:1 | Entered Level 1 of the Spider Nest
 27821 | Spider:1 | Noticed a ghost moth
 27828 | Spider:1 | Killed a ghost moth
 27971 | Spider:1 | Reached skill level 10 in Shields
 27994 | Spider:1 | Got a smoking ring mail
 28357 | Spider:1 | Identified the +2 ring mail of Indomitability {MR+} (You
                  | found it on level 1 of the Spider Nest)
 28510 | Spider:1 | Found a runed translucent door.
 28558 | Spider:1 | Gained mutation: You are mostly covered in sharp spines.
                  | [demonic ancestry]
 28558 | Spider:1 | Reached XP level 15. HP: 101/118 MP: 19/23
 28624 | Spider:1 | Received a gift from Okawaru
 29479 | Spider:2 | Reached skill level 5 in Dodging
 31332 | Spider:3 | Received a gift from Okawaru
 32077 | Spider:4 | Entered Level 4 of the Spider Nest
 32105 | Spider:4 | Reached skill level 14 in Unarmed Combat
 32887 | Spider:4 | Reached skill level 10 in Evocations
 32888 | Spider:4 | Received a gift from Okawaru
 33112 | Spider:4 | Reached XP level 16. HP: 117/126 MP: 25/25
 34749 | Spider:4 | Reached skill level 10 in Armour
 34813 | Spider:4 | Got a gossamer rune of Zot
 35155 | Shoals:1 | Entered Level 1 of the Shoals
 36340 | Shoals:1 | Received a gift from Okawaru
 37153 | Shoals:2 | HP: 5/127 [merfolk aquamancer/+4 rapier of draining (2)]
 38707 | Shoals:2 | Noticed Jorgrun
 38716 | Shoals:2 | Killed Jorgrun
 38716 | Shoals:2 | Reached skill level 15 in Unarmed Combat
 38742 | Shoals:2 | HP: 3/127 [drowned by a drowned soul[a merfolk avatar]
                  | (16)]
 38748 | Shoals:2 | HP: 1/127 [drowned by a drowned soul[a merfolk avatar]
                  | (15)]
 38749 | Shoals:2 | Drowned by a drowned soul

Levels and vault maps discovered:
D:1:      lightli_arrival_windingriver, layout_loops_ring,
          minmay_misc_feat_alley, minmay_hexomino_f4
D:2:      layout_loops_corners, nicolae_ashenzari_panopticon, first_ration
D:3:      layout_loops_corners, minmay_liquid_box
D:4:      layout_basic
D:5:      layout_basic, sigmund_edmund_badplayer, uniq_edmund, uniq_eustachio
D:6:      layout_loops_corners, chequers_temple_overflow_minitemple,
          lightli_ossuary_entry_decrepit_ruins, kennysheep_generic_room_13
D:7:      layout_basic, minmay_temple_entry_junction
D:8:      layout_loops_ring
D:9:      lemuel_insect_pit, layout_basic, nicolae_overflow_crystal_walls,
          david_lair_shrubbed, orc_0_dummy
D:10:     minmay_cornered_nines, layout_basic, hangedman_pestilent_swarm
D:11:     layout_roguey
D:12:     layout_gridville, basic_altar
D:13:     layout_stronghold, grunt_ministairs_11, trog_ov_bears_minmay,
          uniq_rupert
D:14:     layout_rooms, erik_vaults_2, patterned_corridor, hangedman_decor_push
D:15:     gammafunk_enter_depths_forms, layout_basic
Temple:   nicolae_temple_x_marks_the_god
Lair:1:   wander_river, layout_hall_layers, grunt_megastairs_3
Lair:2:   layout_regular_city, minmay_shoals_entry_hut
Lair:3:   layout_cave_pods, nicolae_spider_entry_non_spiders,
          gauntlet_entry_generic, uniq_gastronok
Lair:4:   gammafunk_lair_enchanted_lake, layout_small_grid,
          ebering_ghost_disaster_area, serial_rivers,
          chequers_serial_rivers_room_b, chequers_serial_rivers_large_b,
          chequers_serial_rivers_small_3, chequers_serial_rivers_micro_e,
          chequers_serial_rivers_micro_d, chequers_serial_rivers_room_b,
          serial_bayou_shore_b
Shoals:1: layout_shoals, yaktaur_hedge
Shoals:2: layout_shoals, uniq_jorgrun
Spider:1: cheibrodos_spider_deadly_dance, hangedman_spider_tarantella_strand
Spider:2: layout_spider_delve
Spider:3: layout_spider_delve
Spider:4: spider_rune_water, drop_trap, nicolae_orb_island
Orc:1:    layout_caves, ebering_ghost_disaster_area, serial_shops, shop_statue
Orc:2:    st_orc_town, layout_diamond_mine, serial_shops, nicolae_shop_crystal,
          gammafunk_ghost_necromancy

Skill      XL: |  1  2  3  4  5  6  7  8  9 10 11 12 13 14 15 16 |
---------------+-------------------------------------------------+-----
Unarmed Combat | 2 3 4 5 6 7 8 9 10 11 12 13 14 15 | 15.0
Shields        | 3 4 5 6 7 8 9 10 11 | 11.3
Fighting       | 4 5 6 7 8 9 10 11 12 | 12.2
Invocations    | 2 4 6 7 9 10 11 12 13 | 13.5
Evocations     | 1 3 4 5 7 8 9 10 | 10.8
Armour         | 3 4 5 6 7 8 9 10 | 10.3
Hexes          | 2 3 |  3.0
Spellcasting   | 2 |  2.6
Fire Magic     | 2 |  2.6
Dodging        | 2 4 5 7 |  7.1

Action                   |  1- 3 |  4- 6 |  7- 9 | 10-12 | 13-15 | 16-18 || total
-------------------------+-------+-------+-------+-------+-------+-------++-------
Melee: Unarmed           |   254 |   327 |   487 |   704 |  1038 |   393 ||  3203
       Flail             |       |       |       |    21 |       |       ||    21
       Demon trident     |       |       |       |    23 |    15 |       ||    38
Throw: Javelin           |       |       |       |     6 |       |       ||     6
Invok: Heroism           |       |       |     4 |    24 |    27 |    15 ||    70
       Finesse           |       |       |       |     3 |     4 |       ||     7
Evoke: Wand              |       |       |     4 |     7 |    39 |    33 ||    83
  Use: Scroll            |       |    10 |     5 |    11 |    14 |     8 ||    48
       Potion            |       |     6 |     6 |     5 |     2 |     9 ||    28
 Stab: Sleeping          |       |       |       |     2 |       |       ||     2
       Distracted        |       |       |       |       |     1 |       ||     1
  Eat: Chunk             |     4 |     7 |    11 |    19 |    19 |     4 ||    64
       Ration            |       |     1 |     1 |     5 |     7 |     4 ||    18
Armor: Scale mail        |   119 |   115 |    69 |       |       |       ||   303
       Chain mail        |       |       |    78 |       |       |       ||    78
       Ring mail         |       |       |    14 |   171 |   151 |   126 ||   462
       Skin              |       |       |       |    19 |       |       ||    19
       Plate armour      |       |       |       |    22 |   215 |       ||   237
Dodge: Dodged            |    83 |    80 |    88 |   212 |   364 |   180 ||  1007
Block: Shield            |   117 |   122 |   214 |   407 |   803 |   344 ||  2007
       Reflection        |       |       |       |       |       |    38 ||    38

Table legend:
 A = Non-vault XP
 B = Vault XP
 C = Vault XP percentage of total XP
 D = Non-vault monster count
 E = Vault monster count
 F = Vault count percentage of total count
                 A         B        C        D         E       F
            +---------+---------+-------+---------+---------+-------
      Total |  154291 |   59310 |  27.8 |     715 |     121 |  14.5
            +---------+---------+-------+---------+---------+-------
        D:1 |      33 |       6 |  15.4 |      17 |       3 |  15.0
        D:2 |      80 |       0 |   0.0 |      23 |       0 |   0.0
        D:3 |      51 |       0 |   0.0 |      19 |       0 |   0.0
        D:4 |     234 |       0 |   0.0 |      17 |       0 |   0.0
        D:5 |     260 |     361 |  58.1 |       6 |       2 |  25.0
        D:6 |    1042 |      40 |   3.7 |      25 |       1 |   3.8
        D:7 |     916 |       0 |   0.0 |      22 |       0 |   0.0
        D:8 |    2293 |       0 |   0.0 |      34 |       0 |   0.0
        D:9 |    2532 |       0 |   0.0 |      33 |       0 |   0.0
       D:10 |    3571 |    1283 |  26.4 |      40 |       7 |  14.9
       D:11 |    6721 |       0 |   0.0 |      35 |       0 |   0.0
       D:12 |    2925 |       0 |   0.0 |      18 |       0 |   0.0
       D:13 |    8786 |    3945 |  31.0 |      32 |       8 |  20.0
       D:14 |    8933 |    7921 |  47.0 |      36 |       8 |  18.2
       D:15 |    8657 |    3637 |  29.6 |      17 |       8 |  32.0
     Lair:1 |    3314 |    2245 |  40.4 |      15 |       6 |  28.6
     Lair:2 |    6623 |     247 |   3.6 |      31 |       1 |   3.1
     Lair:3 |     990 |    2504 |  71.7 |       4 |       9 |  69.2
     Lair:4 |    5619 |    1818 |  24.4 |      21 |       4 |  16.0
   Shoals:1 |   12569 |     389 |   3.0 |      28 |       1 |   3.4
   Shoals:2 |   19420 |    2931 |  13.1 |      46 |       1 |   2.1
   Spider:1 |   12808 |    9050 |  41.4 |      33 |      20 |  37.7
   Spider:2 |   16874 |       0 |   0.0 |      59 |       0 |   0.0
   Spider:3 |   10928 |       0 |   0.0 |      32 |       0 |   0.0
   Spider:4 |   17214 |   22933 |  57.1 |      61 |      42 |  40.8
      Orc:1 |     898 |       0 |   0.0 |      11 |       0 |   0.0
            +---------+---------+-------+---------+---------+-------
